 Dungeon Crawl Stone Soup version 0.22-b1-26-g9dbaab1 (webtiles) character file.

14429 Lilu the Destroyer (level 11, -5/68 HPs)
             Began as a Deep Elf Conjurer on Aug 8, 2018.
             Was an Elder of Vehumet.
             Slain by a yak (13 damage)
             ... on level 1 of the Lair of Beasts.
             The game lasted 01:03:43 (19573 turns).

Lilu the Destroyer (Deep Elf Conjurer)             Turns: 19573, Time: 01:03:44

Health: -5/68      AC:  6    Str:  7    XL:     11   Next: 88%
Magic:  8/25       EV: 17    Int: 22    God:    Vehumet [****..]
Gold:   1451       SH:  0    Dex: 15    Spells: 14/27 levels left

rFire    + . .     SeeInvis .   D - staff of wizardry
rCold    + . .     Gourm    +   (no shield)
rNeg     . . .     Faith    .   K - +2 robe {rC+ rF+}
rPois    .         Spirit   .   (no helmet)
rElec    .         Reflect  .   g - +0 cloak
rCorr    .         Harm     .   q - +0 pair of gloves
MR       +....                  (no boots)
Stlth    ++........             J - amulet of the gourmand
HPRegen  0.21/turn              L - +3 ring of slaying
MPRegen  0.19/turn              (no ring)

@: no status effects
A: no striking features
a: Renounce Religion


You were on level 1 of the Lair of Beasts.
You worshipped Vehumet.
Vehumet was greatly pleased with you.
You were full.

You visited 3 branches of the dungeon, and saw 13 of its levels.
You also visited: Bailey.

You collected 1946 gold pieces.
You spent 495 gold pieces at shops.

Inventory:

Hand Weapons
 k - a +2 dagger of protection
 u - a +0 dagger of venom
 A - a +0 shortbow
Missiles
 j - 136 sling bullets
 o - 98 arrows
 G - 15 tomahawks of returning (quivered)
 I - 6 poisoned javelins
Armour
 g - a +0 cloak (worn)
 q - a +0 pair of gloves (worn)
 K - a +2 robe of resistance (worn)
Magical Staves
 D - an uncursed staff of wizardry (weapon)
 N - an uncursed staff of cold
Jewellery
 J - an amulet of the gourmand (around neck)
 L - a +3 ring of slaying (left hand)
Wands
 r - a wand of disintegration (16)
 s - a wand of flame (26)
 B - a wand of digging (35)
 C - a wand of acid (4)
 M - a wand of paralysis (6)
Scrolls
 d - a scroll of fog {unknown}
 f - 6 scrolls of remove curse
 h - a scroll of vulnerability {unknown}
 i - 2 scrolls of enchant armour
 m - 5 scrolls of teleportation
 n - 2 scrolls of enchant weapon
 p - a scroll of magic mapping {unknown}
 v - a scroll of amnesia {unknown}
 x - 4 scrolls of identify
 y - 2 scrolls of fear {unknown}
 z - 2 scrolls of immolation {unknown}
 E - a scroll of torment {unknown}
 O - a scroll of random uselessness {unknown}
Potions
 a - 2 potions of might
 b - 3 potions of lignification {unknown}
 e - 2 potions of curing
 l - 3 potions of mutation
 t - 2 potions of resistance
 w - 5 potions of flight
 F - a potion of invisibility {unknown}
 P - a potion of brilliance {unknown}
 Q - a potion of haste {unknown}
Miscellaneous
 H - a crystal ball of energy
Comestibles
 c - 17 rations


   Skills:
 - Level 8.0 Fighting
 - Level 8.0 Dodging
 - Level 2.4 Stealth
 + Level 8.6 Spellcasting
 + Level 11.8 Conjurations
 * Level 6.4 Charms
 - Level 10.0 Fire Magic


You had 14 spell levels left.
You knew the following spells:

 Your Spells              Type           Power        Failure   Level  Hunger
a - Magic Dart            Conj           ####         1%          1    None
b - Searing Ray           Conj           ######       1%          2    None
c - Iskenderun's Mystic   Conj           ######..     1%          4    ###....
d - Flame Tongue          Conj/Fire      #####        1%          1    None
e - Iskenderun's Battles  Conj/Chrm      #####...     1%          5    #####..

Your spell library contained the following spells:

 Spells                   Type           Power        Failure   Level  Hunger
 Bolt of Magma            Conj/Fire/Erth #####.....   1%          5    #####..
 Confuse                  Hex            #.......     9%          3    None
 Venom Bolt               Conj/Pois      #####.....   2%          5    #####..
 Iron Shot                Conj/Erth      #####.....   11%         6    ######.
 Confusing Touch          Hex            #.....       2%          1    None
 Metabolic Englaciation   Hex/Ice        #.........   58%         5    #####..
 Petrify                  Tmut/Erth      #.......     26%         4    ###....
 Orb of Destruction       Conj           ######....   5%          7    #######
 Fulminant Prism          Conj/Hex       #####.....   1%          4    ###....
 Dazzling Spray           Conj/Hex       #####.       1%          3    None
 Force Lance              Conj/Tloc      #####...     1%          4    ###....
 Spellforged Servitor     Conj/Summ      #####.....   43%         7    #######
 Gell's Gravitas          Tloc           #.........   9%          3    None
 Yara's Violent Unravell  Hex/Tmut       #.........   21%         5    #####..


Dungeon Overview and Level Annotations

Branches:
Dungeon (11/15)            Temple (1/1) D:4            Lair (1/6) D:9
    Orc (0/2) D:10

Altars:
Ashenzari
Cheibriados
Dithmenos
Elyvilon
Fedhas
Hepliaklqana
Makhleb
Okawaru
Qazlal
Ru
Sif Muna
Uskayaw
Vehumet
Xom
Yredelemnul
Zin
The Shining One

Shops:
D:5 :   D:9 =

Annotations:
D:8 5 runed doors


Message History

Aiming: Magic Dart (safe; 1% risk of failure)
Press: ? - help, Shift-Dir - straight line, f - yak
Aim: a yak (moderately wounded)
The magic dart hits the yak.
The yak is heavily wounded.
Your battlesphere fires!
The barrage of energy hits the yak.
The yak is almost dead.
Your battlesphere expends the last of its energy and dissipates.
Casting: Magic Dart (safe; 1% risk of failure)
Confirm with . or Enter, or press ? or * to list all spells.
Aiming: Magic Dart (safe; 1% risk of failure)
Press: ? - help, Shift-Dir - straight line, f/p - yak
Aim: a yak (almost dead)
The magic dart hits the yak.
The yak is almost dead.
The yak misses you. The yak gores you.
* * * LOW HITPOINT WARNING * * *
The yak gores you!
You die...

#....# ###....##
#
####.#.....###.#
................
....(...........
.....(..........
#....# #YY..#
#@.†<# #....#
#....# #....###
###....#P#
#.#......##
###.....#..###
#.....♣.♣....#
##.♣..≈≈..≈...##


You could see 2 yaks.

Vanquished Creatures
  Erolcha (D:11)
  2 two-headed ogres
  Pikel (D:6)
  An ugly thing (D:11)
  A manticore (D:11)
  Joseph (D:7)
  Psyche (D:10)
  A spiny frog (Lair:1)
  A gargoyle (D:11)
  A hornet (D:8)
  A hippogriff (D:7)
  A wyvern (D:8)
  Eustachio (D:4)
  13 yaks
  Grum (D:10)
  Menkaure (D:6)
  Duvessa (D:7)
  A water moccasin (Lair:1)
  9 orc warriors
  5 porcupines
  2 black bears (D:10)
  2 sky beasts (D:7)
  4 slaves (D:6)
  5 ogres
  2 ice beasts
  A phantom (D:9)
  4 wolves (D:10)
  3 crocodiles (D:9)
  3 centaurs (D:8)
  A big kobold (D:11)
  A wyvern zombie (D:11)
  10 bullfrogs
  A gnoll sergeant (D:10)
  Dowan (D:7)
  2 scorpions
  7 killer bees (D:7)
  11 wights
  10 electric eels
  3 bullfrog zombies
  2 crimson imps
  A centaur zombie (D:6)
  7 hounds
  2 jellies
  4 orc priests (D:10)
  3 centaur skeletons
  12 orc wizards
  2 bullfrog skeletons
  Ijyb (D:4)
  4 iguanas
  5 worker ants
  2 hound skeletons
  2 worker ant zombies
  3 gnolls (D:10)
  9 adders
  3 shadow imps
  An adder zombie (D:10)
  8 worms
  2 adder skeletons
  3 dart slugs
  9 leopard geckos
  50 orcs
  5 bats
  7 giant cockroaches
  5 goblins
  A hobgoblin (D:2)
  19 jackals
  21 kobolds
  2 quokkas
  4 ball pythons
  7 frilled lizards
  A quokka zombie (D:9)
  6 rats
331 creatures vanquished.

Vanquished Creatures (others)
  17 fungi
  4 plants (D:9)
21 creatures vanquished.

Grand Total: 352 creatures vanquished

Notes
Turn   | Place    | Note
-------+----------+-------------------------------------------
     0 | D:1      | Lilu the Deep Elf Conjurer began the quest for the Orb.
     0 | D:1      | Reached XP level 1. HP: 10/10 MP: 6/6
   338 | D:1      | Reached XP level 2. HP: 15/15 MP: 6/8
   348 | D:1      | Learned a level 2 spell: Searing Ray
   643 | D:2      | Reached skill level 5 in Conjurations
   817 | D:2      | Reached XP level 3. HP: 16/19 MP: 3/9
   829 | D:2      | Found a shattered altar of Ashenzari.
  1144 | D:2      | Reached skill level 6 in Conjurations
  1368 | D:2      | Found a shadowy altar of Dithmenos.
  1378 | D:2      | Found a hide-covered altar of Uskayaw.
  1378 | D:2      | Found a hide-covered altar of Uskayaw.
  1380 | D:2      | Found a sacrificial altar of Ru.
  1380 | D:2      | Found an opulent altar of Gozag.
  1380 | D:2      | Found a shimmering altar of Xom.
  1500 | D:2      | Reached XP level 4. HP: 8/24 MP: 7/10
  2554 | D:3      | Learned a level 4 spell: Iskenderun's Mystic Blast
  3047 | D:4      | Reached skill level 7 in Conjurations
  3047 | D:4      | Reached XP level 5. HP: 28/28 MP: 6/11
  3115 | D:4      | Found a staircase to the Ecumenical Temple.
  3121 | D:4      | Noticed Ijyb
  3124 | Temple   | Entered the Ecumenical Temple
  3221 | Temple   | Became a worshipper of Vehumet
  3273 | D:4      | Killed Ijyb
  4238 | D:4      | Noticed Eustachio
  4246 | D:4      | Killed Eustachio
  4246 | D:4      | Reached skill level 8 in Conjurations
  4246 | D:4      | Reached XP level 6. HP: 27/32 MP: 2/12
  4463 | D:4      | Found a blossoming altar of Fedhas.
  4510 | D:4      | Found a stormy altar of Qazlal.
  4515 | D:4      | Reached skill level 9 in Conjurations
  4877 | D:5      | Entered Level 5 of the Dungeon
  4899 | D:5      | Reached XP level 7. HP: 36/36 MP: 8/13
  5256 | D:5      | Found Elestring's Book Boutique.
  5328 | D:5      | Found a basalt altar of Yredelemnul.
  5434 | D:5      | Reached skill level 5 in Spellcasting
  6569 | D:6      | Reached * piety under Vehumet
  6569 | D:6      | Offered knowledge of Flame Tongue by Vehumet.
  6596 | D:6      | Learned a level 1 spell: Flame Tongue
  6674 | D:6      | Reached XP level 8. HP: 41/41 MP: 14/19
  6803 | D:6      | Noticed Menkaure
  6808 | D:6      | Killed Menkaure
  6808 | D:6      | Reached skill level 5 in Dodging
  7620 | D:6      | Noticed Pikel
  8513 | D:6      | Found a hazy altar of Hepliaklqana.
  8552 | D:6      | Reached skill level 1 in Fighting
  8772 | D:6      | Killed Pikel
  8772 | D:6      | Reached XP level 9. HP: 40/52 MP: 9/20
  9033 | D:7      | Reached skill level 5 in Fighting
  9051 | D:7      | Reached ** piety under Vehumet
  9159 | D:7      | Offered knowledge of Sandblast by Vehumet.
  9216 | D:7      | Noticed Dowan
  9376 | D:7      | Noticed Joseph
  9471 | D:7      | Noticed Duvessa
  9486 | D:7      | Killed Duvessa
  9492 | D:7      | Killed Dowan
  9492 | D:7      | Reached skill level 1 in Fire Magic
 10428 | D:7      | Killed Joseph
 10745 | D:8      | Found a runed gate.
 10747 | D:8      | Found a runed door.
 10757 | D:8      | Found a runed gate.
 10757 | D:8      | Found a runed gate.
 10765 | D:8      | Found a runed door.
 10773 | D:8      | Found the +9 staff of Olgreb {rPois}
 10828 | D:8      | Reached XP level 10. HP: 42/63 MP: 18/23
 11136 | D:8      | Offered knowledge of Ignite Poison by Vehumet.
 11941 | D:9      | Found a flagged portal.
 11948 | D:9      | Reached *** piety under Vehumet
 12033 | Bailey   | Entered a bailey
 12614 | Bailey   | Found an iron altar of Okawaru.
 13386 | D:9      | Found Qirob's Jewellery Shop.
 13427 | D:9      | Found a deep blue altar of Sif Muna.
 13464 | D:9      | Offered knowledge of Inner Flame by Vehumet.
 13869 | D:9      | Reached skill level 5 in Fire Magic
 13948 | D:9      | Found a staircase to the Lair.
 13963 | D:9      | Reached skill level 10 in Conjurations
 14625 | D:5      | Bought a book of Power for 495 gold pieces
 14631 | D:5      | Learned a level 5 spell: Iskenderun's Battlesphere
 14713 | Lair:1   | Entered Level 1 of the Lair of Beasts
 14755 | Lair:1   | Noticed a spiny frog
 14766 | Lair:1   | Killed a spiny frog
 15334 | D:10     | Entered Level 10 of the Dungeon
 15363 | D:10     | Reached XP level 11. HP: 68/68 MP: 14/25
 15374 | D:10     | Reached **** piety under Vehumet
 15527 | D:10     | Noticed Grum
 15534 | D:10     | Noticed Psyche
 15564 | D:10     | Killed Grum
 15564 | D:10     | HP: 2/68 [electric eel/bolt of electricity (13)]
 15670 | D:10     | Killed Psyche
 15959 | D:10     | Offered knowledge of Lightning Bolt by Vehumet.
 16121 | D:10     | Found a staircase to the Orcish Mines.
 16484 | D:10     | Reached skill level 11 in Conjurations
 17192 | D:10     | Noticed a two-headed ogre
 17198 | D:10     | Killed a two-headed ogre
 17661 | D:11     | Noticed a two-headed ogre
 17685 | D:11     | Killed a two-headed ogre
 17850 | D:11     | Reached ***** piety under Vehumet
 17850 | D:11     | Offered knowledge of Bolt of Cold by Vehumet.
 18180 | D:11     | Noticed Erolcha
 18189 | D:11     | Killed Erolcha
 18396 | D:11     | Noticed a cyan ugly thing
 18411 | D:11     | Killed a cyan ugly thing
 18411 | D:11     | Reached skill level 5 in Charms
 18411 | D:11     | Reached skill level 10 in Fire Magic
 19573 | Lair:1   | Slain by a yak

Skill      XL: |  1  2  3  4  5  6  7  8  9 10 11 |
---------------+----------------------------------+-----
Conjurations   | 5 6 7 8 9 10 11 | 11.8
Spellcasting   | 6 7 8 |  8.6
Dodging        | 4 8 |  8.0
Fighting       | 4 7 8 |  8.0
Fire Magic     | 2 6 10 | 10.0
Charms         | 3 6 |  6.4
Stealth        | |  2.4

Action                   |  1- 3 |  4- 6 |  7- 9 | 10-12 || total
-------------------------+-------+-------+-------+-------++-------
Melee: Dagger            |    23 |   112 |    84 |       ||   219
       Staff             |       |       |       |     4 ||     4
 Fire: Shortbow          |       |       |       |   155 ||   155
 Cast: Magic Dart        |    41 |    10 |    49 |   204 ||   304
       Searing Ray       |     5 |    24 |    66 |    58 ||   153
       Iskenderun's Myst |       |       |     2 |    18 ||    20
       Iskenderun's Batt |       |       |       |    46 ||    46
Evoke: Wand              |       |       |       |     1 ||     1
  Use: Scroll            |       |     5 |     1 |     7 ||    13
       Potion            |       |       |     2 |     4 ||     6
 Stab: Sleeping          |     3 |     4 |     2 |       ||     9
  Eat: Chunk             |     1 |    12 |    12 |    42 ||    67
       Ration            |       |       |     2 |     3 ||     5
Armor: Robe              |     7 |    42 |    36 |    22 ||   107
Dodge: Dodged            |    27 |   104 |   158 |   268 ||   557
